 Dungeon Crawl Stone Soup version 0.28.0-49-g6dfe1f597d (webtiles) character file.

Game seed: 6967195902523697374

95 issech the Magician (level 4, -7/34 HPs)
             Began as a Gnoll Wanderer on May 19, 2022.
             Mangled by an ogre
             ... wielding a +0 giant club
              (16 damage)
             ... on level 4 of the Dungeon.
             The game lasted 00:08:37 (2717 turns).

issech the Magician (Gnoll Wanderer)                Turns: 2717, Time: 00:08:38

Health: -7/34      AC:  9    Str: 11    XL:     4   Next: 65%
Magic:  13/13      EV:  5    Int: 12    God:
Gold:   113        SH:  0    Dex: 13    Spells: 16/17 levels left

rFire   . . .      SeeInvis .   a - +3 quarterstaff
rCold   + . .      Faith    .   (shield currently unavailable)
rNeg    . . .      Spirit   .   w - +0 chain mail
rPois   .          Reflect  .   (no helmet)
rElec   .          Harm     .   (no cloak)
rCorr   .          Rampage  .   (no gloves)
Will    .....                   (no boots)
Stlth   ..........              (no amulet)
HPRegen 0.11/turn               y - ring of protection from cold
MPRegen 0.13/turn               (no ring)

@: no status effects
A: fangs 1, strong nose, distributed training
a: no special abilities


You were on level 4 of the Dungeon.
You visited 1 branch of the dungeon, and saw 4 of its levels.

You collected 113 gold pieces.

Inventory:

Hand Weapons
 a - a +3 quarterstaff (weapon)
 e - a +0 dagger
 f - a +0 war axe
 l - a +0 whip
 q - a +0 hunting sling
 A - a +0 short sword
Missiles
 c - 2 boomerangs (quivered)
 h - 22 stones
 n - 25 arrows
 x - 17 sling bullets
 B - 20 bolts
Armour
 b - a +0 robe
 m - a +0 scale mail
 u - a +0 ring mail
 w - a +0 chain mail (worn)
Jewellery
 y - a ring of protection from cold (left hand)
Scrolls
 d - a scroll of vulnerability {unknown}
 g - a scroll of acquirement {unknown}
 j - 2 scrolls of teleportation {unknown}
 r - 2 scrolls of identify {unknown}
 t - a scroll of fog {unknown}
 v - a scroll of amnesia {unknown}
 z - a scroll of enchant armour {unknown}
 C - a scroll of magic mapping {unknown}
Potions
 i - a potion of brilliance {unknown}
 k - a potion of attraction {unknown}
 o - 2 potions of curing {unknown}
 p - 2 potions of might {unknown}
 s - a potion of heal wounds {unknown}


   Skills:
 + Level 2.8 Fighting
 + Level 1.2 Short Blades
 + Level 1.2 Long Blades
 + Level 1.2 Axes
 + Level 1.2 Maces & Flails
 + Level 1.2 Polearms
 + Level 6.6 Staves
 + Level 1.2 Slings
 + Level 1.2 Bows
 + Level 1.2 Crossbows
 + Level 1.2 Throwing
 + Level 2.8 Armour
 + Level 2.8 Dodging
 + Level 1.2 Stealth
 + Level 1.2 Shields
 + Level 1.2 Unarmed Combat
 + Level 7.2 Spellcasting
 + Level 1.0 Conjurations
 + Level 1.0 Hexes
 + Level 1.0 Summonings
 + Level 1.0 Necromancy
 + Level 1.0 Translocations
 + Level 1.0 Transmutations
 + Level 1.0 Fire Magic
 + Level 1.0 Ice Magic
 + Level 2.2 Air Magic
 + Level 1.0 Earth Magic
 + Level 1.0 Poison Magic
 + Level 1.3 Invocations
 + Level 1.2 Evocations


You had 16 spell levels left.
You knew the following spells:

 Your Spells              Type           Power      Damage    Failure   Level
a - Summon Small Mammal   Summ           24%        N/A       99%         1

Your spell library contained the following spells:

 Spells                   Type           Power      Damage    Failure   Level
 Poisonous Vapours        Pois/Air       16%        N/A       99%         2
 Static Discharge         Conj/Air       8%         N/A       99%         2
 Call Canine Familiar     Summ           6%         N/A       100%        3
 Summon Guardian Golem    Hex/Summ       6%         N/A       100%        3


Dungeon Overview and Level Annotations

Branches:
Dungeon (4/15)
 Temple: D:4-7

Altars:
Vehumet

Shops:
D:1 =   D:2 (   D:4 [


Innate Abilities, Weirdness & Mutations

You have very sharp teeth.
Your uncanny sense of smell can sniff out nearby items.
Your experience applies equally to all skills.


Message History

The hobgoblin is almost dead.
The hobgoblin hits you but does no damage.
You thump the hobgoblin!
You kill the hobgoblin!
There is an open door here.
You now have 113 gold pieces (gained 7).
A jackal comes into view.
The jackal barks!
A jackal comes into view.
The jackal barks!
You closely miss the jackal. The jackal bites you.
You miss the jackal.
The jackal bites you but does no damage.
You sock the jackal!
You kill the jackal!
You hit the jackal.
The jackal is severely wounded.
The jackal bites you but does no damage.
You hit the jackal.
You kill the jackal!
HP restored.
An ogre comes into view. It is wielding a +0 giant club.
Found a scroll labelled PARUEG HELUHE.
The ogre shouts!
You throw a boomerang. The boomerang hits the ogre.
The ogre is lightly wounded.
The ogre hits you with a +0 giant club!
You sock the ogre! You bite the ogre, but do no damage.
The ogre is heavily wounded.
You completely miss the ogre.
The ogre is heavily wounded.
The ogre completely misses you.
You hit the ogre.
The ogre is severely wounded.
The ogre hits you with a +0 giant club!
* * * LOW HITPOINT WARNING * * *
You barely miss the ogre.
The ogre is severely wounded.
The ogre hits you with a +0 giant club!
You die...

..................#
##.###########....#
##.##### ####.#
.'.....# #.#
##.###.# #.######.#
#.# ##........# #.#
#..######## #.#
#.## ... #@# #.#
#O# #.# #.# #.# #.#
#.# #.# #.# #.#


You could see an ogre.

Vanquished Creatures
  2 adders
  A worm (D:3)
  A dart slug (D:2)
  3 orcs (D:3)
  7 ball pythons
  8 endoplasms
  2 giant cockroaches (D:2)
  3 goblins
  10 hobgoblins
  4 jackals
  4 kobolds
  2 quokkas
  6 bats
  6 frilled lizards
  5 rats
64 creatures vanquished.

Vanquished Creatures (others)
  5 plants (D:3)
5 creatures vanquished.

Grand Total: 69 creatures vanquished

Notes
Turn   | Place    | Note
-------+----------+-------------------------------------------
     0 | D:1      | issech the Gnoll Wanderer began the quest for the Orb.
     0 | D:1      | issech set off with the following items: a +3 quarterstaff,
                  | a +0 robe; and the following spells available to memorise:
                  | Poisonous Vapours, Static Discharge
     0 | D:1      | Reached XP level 1. HP: 17/17 MP: 8/8
    77 | D:1      | Reached XP level 2. HP: 10/23 MP: 10/10
   417 | D:1      | Found Gucuzxass's One-of-a-Kind Rings.
   442 | D:1      | Found a faded altar of an unknown god.
   791 | D:2      | Found a radiant altar of Vehumet.
   831 | D:2      | Reached XP level 3. HP: 19/28 MP: 11/11
  1149 | D:2      | Reached skill level 1 in Invocations
  1251 | D:2      | Found Riudam's Weapon Boutique.
  1700 | D:3      | Reached skill level 1 in Short Blades
  1700 | D:3      | Reached skill level 1 in Long Blades
  1700 | D:3      | Reached skill level 1 in Axes
  1700 | D:3      | Reached skill level 1 in Maces & Flails
  1700 | D:3      | Reached skill level 1 in Polearms
  1700 | D:3      | Reached skill level 1 in Slings
  1700 | D:3      | Reached skill level 1 in Bows
  1700 | D:3      | Reached skill level 1 in Crossbows
  1700 | D:3      | Reached skill level 1 in Throwing
  1700 | D:3      | Reached skill level 1 in Stealth
  1700 | D:3      | Reached skill level 1 in Shields
  1700 | D:3      | Reached skill level 1 in Unarmed Combat
  1700 | D:3      | Reached skill level 1 in Evocations
  1802 | D:3      | Reached XP level 4. HP: 32/34 MP: 13/13
  2254 | D:3      | Learned a level 1 spell: Summon Small Mammal
  2382 | D:3      | Reached skill level 1 in Conjurations
  2382 | D:3      | Reached skill level 1 in Hexes
  2382 | D:3      | Reached skill level 1 in Summonings
  2382 | D:3      | Reached skill level 1 in Necromancy
  2382 | D:3      | Reached skill level 1 in Translocations
  2382 | D:3      | Reached skill level 1 in Transmutations
  2382 | D:3      | Reached skill level 1 in Fire Magic
  2382 | D:3      | Reached skill level 1 in Ice Magic
  2382 | D:3      | Reached skill level 1 in Earth Magic
  2382 | D:3      | Reached skill level 1 in Poison Magic
  2631 | D:4      | Found Lanou's Antique Armour Shoppe.
  2700 | D:4      | Noticed an ogre
  2717 | D:4      | Mangled by an ogre

Illustrated notes

Levels and vault maps discovered:
D:1:      evilmike_arrival_plus, layout_rooms, basic_ecumenical_altar,
          nicolae_shop_unique_rings
D:2:      layout_basic, serial_shops, nicolae_shop_crystal, basic_altar
D:3:      minmay_diamond_boxcup, layout_loops_cross, serial_bayou_pond_c
D:4:      layout_loops_ring, nicolae_ru_sacrificial_ziggurat,
          worldfamousw_hep_ancestral_shrine,
          mainiacjoe_overflow_small_starburst, serial_shops,
          nicolae_shop_hallway_stairs, grunt_decor_one_mirror

Skill      XL: |  1  2  3  4 |
---------------+-------------+-----
Air Magic      | 2 |  2.2
Invocations    | 1 |  1.3
Short Blades   | 1 |  1.2
Long Blades    | 1 |  1.2
Axes           | 1 |  1.2
Maces & Flails | 1 |  1.2
Polearms       | 1 |  1.2
Slings         | 1 |  1.2
Bows           | 1 |  1.2
Crossbows      | 1 |  1.2
Throwing       | 1 |  1.2
Stealth        | 1 |  1.2
Shields        | 1 |  1.2
Unarmed Combat | 1 |  1.2
Evocations     | 1 |  1.2
Conjurations   | 1 |  1.0
Hexes          | 1 |  1.0
Summonings     | 1 |  1.0
Necromancy     | 1 |  1.0
Translocations | 1 |  1.0
Transmutations | 1 |  1.0
Fire Magic     | 1 |  1.0
Ice Magic      | 1 |  1.0
Earth Magic    | 1 |  1.0
Poison Magic   | 1 |  1.0
Fighting       | |  2.8
Staves         | |  6.6
Armour         | |  2.8
Dodging        | |  2.8
Spellcasting   | |  7.2

Action                   |  1- 3 |  4- 6 || total
-------------------------+-------+-------++-------
Melee: Quarterstaff      |   107 |    62 ||   169
       Bite              |     9 |     5 ||    14
Throw: Boomerang         |    14 |     1 ||    15
 Stab: Sleeping          |     2 |       ||     2
Armor: Robe              |    15 |       ||    15
       Scale mail        |    24 |       ||    24
       Chain mail        |       |    23 ||    23
Dodge: Dodged            |    60 |    19 ||    79
